 Dungeon Crawl Stone Soup version 0.27-a0-887-gcab673c142 (webtiles) character file.

Game seed: 6308771590902901864

153996 Alarkh the Black Belt (level 17, 0/202 HPs)
             Began as a Demonspawn Monk on Apr 4, 2021.
             Was a Priest of Uskayaw.
             Slain by an emperor scorpion (19 damage)
             ... on level 4 of the Spider Nest.
             The game lasted 00:55:42 (28254 turns).

Alarkh the Black Belt (Demonspawn Monk)            Turns: 28254, Time: 00:55:42

Health: 0/202      AC: 28    Str: 12 (13) XL:     17   Next: 5%
Magic:  0/26       EV:  2    Int: 17      God:    Uskayaw [***...]
Gold:   3438       SH:  9    Dex: 15 (16) Spells: 19/24 levels left

rFire    . . .     SeeInvis .     - Unarmed
rCold    . . .     Faith    .   C - +2 buckler
rNeg     + + +     Spirit   .   (armour currently unavailable)
rPois    +         Reflect  .   (helmet currently unavailable)
rElec    .         Harm     .   (cloak currently unavailable)
rCorr    .         Rampage  .   (gloves currently unavailable)
Will     +....     NoTele   +   (boots currently unavailable)
Stlth    +++.......             l - amulet of regeneration
HPRegen  2.43/turn              u - +4 ring of evasion
MPRegen  0.20/turn              r - +4 ring of slaying

@: tree-form, studying Poison Magic
A: stationary, stasis, torment immunity, boosted hp, (claws 2), (large bone
plates 3), demonic guardian 1, (fire resistance 1), powered by death 3, (horns
1), mutation resistance 2
a: Renounce Religion, Stomp, Line Pass


You were on level 4 of the Spider Nest.
You worshipped Uskayaw.
Uskayaw was pleased with you.
You were a tree.
You visited 4 branches of the dungeon, and saw 26 of its levels.
You also visited: Ossuary, Gauntlet and Ice Cave.

You collected 3438 gold pieces.

Inventory:

Missiles
 g - 3 atropa-tipped darts (quivered)
Armour
 a - the +0 pair of boots of Freedom (melded) {rPois Slay+3}
   (You found it in a Gauntlet)

   It affects your accuracy and damage with ranged weapons and melee attacks
   (+3).
   It protects you from poison.
 s - a +2 cloak of willpower (melded)
 C - a +2 buckler (worn)
 F - the +3 ring mail of Ashenzari's Respect (melded) {-Tele rElec rCorr Int+4}
   (You took it off a minotaur in a Gauntlet)

   It affects your intelligence (+4).
   It insulates you from electricity.
   It prevents most forms of teleportation.
   It protects you from acid and corrosion.
 H - the +1 leather armour "Gosawag" {-Cast Rampage Dex+2 Slay+3}
   (You found it on level 3 of the Spider Nest)

   It affects your dexterity (+2).
   It affects your accuracy and damage with ranged weapons and melee attacks
   (+3).
   It prevents spellcasting.
   It bestows one free step when moving towards enemies.
 T - +0 acid dragon scales
Magical Staves
 q - a staff of poison
 Q - a staff of fire
Jewellery
 b - a ring of willpower
 f - a ring of fire
 l - an amulet of regeneration (around neck)
 r - a +4 ring of slaying (right branch)
 u - a +4 ring of evasion (left branch)
 A - a ring of protection from cold
 P - an amulet of the acrobat
Wands
 p - a wand of charming (6)
 t - a wand of random effects (84)
 w - a wand of digging (16)
 E - a wand of iceblast (29)
 G - a wand of acid (12)
 K - a wand of flame (64)
 O - a wand of mindburst (16)
Scrolls
 e - 12 scrolls of identify
 k - a scroll of silence
 o - 8 scrolls of teleportation
 y - 2 scrolls of enchant weapon
 z - 2 scrolls of fear
 B - a scroll of summoning
 I - 4 scrolls of magic mapping
 J - 2 scrolls of fog
 L - 3 scrolls of blinking
 M - a scroll of brand weapon
 R - 2 scrolls of enchant armour
 S - a scroll of amnesia
Potions
 c - 2 potions of cancellation
 h - 4 potions of heal wounds
 i - 10 potions of flight
 m - 6 potions of curing
 n - 4 potions of brilliance
 v - a potion of ambrosia
 x - 5 potions of resistance
 D - 5 potions of mutation
 N - a potion of berserk rage
 W - 3 potions of magic
Miscellaneous
 j - a phantom mirror


   Skills:
 + Level 12.6 Fighting
 + Level 9.9 Armour
 + Level 10.4 Dodging
 + Level 6.4 Stealth
 + Level 10.3 Shields
 * Level 15.8 Unarmed Combat
 - Level 4.0 Spellcasting
 - Level 4.0 Conjurations
 - Level 4.0 Fire Magic
 + Level 12.7 Invocations


You had 19 spell levels left.
You knew the following spells:

 Your Spells              Type           Power      Damage    Failure   Level
a - Conjure Flame         Conj/Fire      17%        6-21      9%          3
b - Sublimation of Blood  Necr           1%         N/A       24%         2

Your spell library contained the following spells:

 Spells                   Type           Power      Damage    Failure   Level
 Magic Dart               Conj           68%        1d6       3%          1
 Searing Ray              Conj           34%        3d4       4%          2
 Shock                    Conj/Air       40%        1d5       7%          1
 Animate Skeleton         Necr           6%         N/A       16%         1
 Apportation              Tloc           6%         N/A       16%         1
 Beastly Appendage        Tmut           6%         N/A       16%         1
 Corona                   Hex            3%         N/A       16%         1
 Sting                    Tmut/Pois      12%        1d3       16%         1
 Summon Small Mammal      Summ           12%        N/A       16%         1
 Dazzling Flash           Conj/Hex       20%        N/A       21%         3
 Static Discharge         Conj/Air       10%        N/A       21%         3
 Poisonous Vapours        Pois/Air       6%         N/A       24%         2
 Swiftness                Air            3%         N/A       24%         2
 Wereblood                Tmut           3%         N/A       24%         2
 Ignite Poison            Fire/Tmut/Pois 7%         N/A       28%         3
 Mephitic Cloud           Conj/Pois/Air  7%         N/A       28%         3
 Call Canine Familiar     Summ           3%         N/A       43%         3
 Spider Form              Tmut/Pois      1%         N/A       43%         3
 Fulminant Prism          Conj/Hex       5%         3d7       56%         4
 Iskenderun's Mystic Bla  Conj/Tloc      10%        2d4       56%         4
 Iskenderun's Battlesphe  Conj           17%        2d7       63%         5
 Airstrike                Air            1%         N/A       83%         4
 Ice Form                 Ice/Tmut       3%         N/A       83%         4
 Olgreb's Toxic Radiance  Pois           3%         N/A       83%         4
 Petrify                  Tmut/Erth      3%         N/A       83%         4
 Bolt of Magma            Conj/Fire/Erth 6%         4d6       83%         5
 Irradiate                Conj/Tmut      5%         3d15      88%         5
 Lightning Bolt           Conj/Air       5%         1d17      88%         5
 Alistair's Intoxication  Tmut/Pois      2%         N/A       99%         5
 Hydra Form               Tmut           1%         N/A       99%         5
 Blade Hands              Tmut           1%         N/A       100%        6
 Eringya's Noxious Bog    Tmut/Pois      1%         N/A       100%        6
 Iron Shot                Conj/Erth      5%         9d2       100%        6
 Orb of Destruction       Conj           8%         9d4       100%        7
 Spellforged Servitor     Conj/Summ      5%         N/A       100%        7


Dungeon Overview and Level Annotations

Branches:
Dungeon (15/15)            Temple (1/1) D:4            Lair (6/6) D:8
  Swamp (0/4) Lair:2       Spider (4/4) Lair:2        Slime (0/5) Lair:6
    Orc (0/2) D:10         Vaults (0/5) D:14         Depths (0/5) D:15
Ossuary (visited)           IceCv (visited)         Gauntlet (visited)

Altars:
Ashenzari
Cheibriados
Dithmenos
Elyvilon
Fedhas
Gozag
Hepliaklqana
Kikubaaqudgha
Makhleb
Nemelex Xobeh
Okawaru
Qazlal
Ru
Sif Muna
Trog
Uskayaw
Vehumet
Wu Jian
Xom
Yredelemnul
Zin
The Shining One
Jiyva

Shops:
D:2 *   D:10 (   D:13 [

Portals:
Abyss: D:4


Innate Abilities, Weirdness & Mutations

You are a tree.
Your roots penetrate the ground, keeping you stationary.
You cannot be teleported.
You are immune to unholy pain and torment.
Your maximum health is greatly increased.
Your equipment is partially melded.
((You have very sharp fingernails.))
((You are completely covered in large bone plates. (SH +8)))
A weak demonic guardian rushes to your aid.
((Your flesh is heat resistant. (rF+)))
You regenerate a lot of health from kills.
((You have a pair of small horns on your head.))
You are somewhat resistant to both further mutation and mutation removal.


Message History

As you read the scroll of fear, it crumbles to dust.
You assume a fearsome visage.
The moth of wrath looks frightened!
The emperor scorpion resists with some effort.
The hornet looks frightened!
The emperor scorpion resists with almost no effort.
The hornet looks frightened! x2
You feel extremely sick.
The moth of wrath is no longer paralysed.
The hornet is no longer paralysed. x2; The emperor scorpion stings you!!
* * * LOW HITPOINT WARNING * * *
The emperor scorpion barely misses you. The emperor scorpion claws you!
* * * LOW HITPOINT WARNING * * *
The hornet rages.
You block the emperor scorpion's attack.
The emperor scorpion misses you. x2; The emperor scorpion stings you!
* * * LOW HITPOINT WARNING * * *
A demonic guardian appears!
You block the emperor scorpion's attack.
The emperor scorpion misses you.
Really quaff the potion of lignification?
You turn into a tree.
Your +2 cloak of willpower melds into your body.
The +0 pair of boots of Freedom {rPois Slay+3} melds into your body.
The +3 ring mail of Ashenzari's Respect {-Tele rElec rCorr Int+4} melds into your body.
You feel less strong-willed.
Your roots penetrate the ground.
* * * LOW HITPOINT WARNING * * *
You feel extremely sick.
You block the emperor scorpion's attack.
The emperor scorpion claws you but does no damage. x2
The emperor scorpion stings you!
* * * LOW HITPOINT WARNING * * *
The emperor scorpion barely misses you.
You block the emperor scorpion's attack.
You feel you are being watched by something.
Cornered, the hornet turns to fight!
The emperor scorpion stings you but does no damage.
The emperor scorpion claws you but does no damage. x2
Your orange demon barely misses the emperor scorpion.
You feel better. The emperor scorpion stings you!!
You die...

##### #≈.≈### ####
#####≈....#######≈≈###
###..≈≈†......≈≈#≈≈≈...#
######≈≈^...##..##≈..≈≈†≈..##
###≈≈≈#...≈#≈^##≈.###....##.##
.≈≈≈≈≈≈..≈#####..4# ##≈..^###
..≈##.†[..# #.♣## #^...#
####..††^## #ss# ##≈.≈##
####..≈### #..s##...# ##≈.^##
##≈≈.≈## #y.y y..#####≈..#
#...≈≈# +y.. .^y##..#..≈#
...≈≈#### #### #####.≈≈≈≈†###
≈.≈≈≈≈..# ############.≈≈≈≈^≈.##
.≈###...###≈≈≈##.≈≈≈###..##....#
.## ##.##.....≈≈...^≈.### #≈..≈#


You could see 3 emperor scorpions, a moth of wrath (fleeing), 4 hornets and a
friendly orange demon (summoned).

Vanquished Creatures
  Arachne (Spider:4)
  Agnes (Spider:3)
  A cacodemon (Gauntlet)
  A frost giant (IceCv)
  2 emperor scorpions (Spider:4)
  3 ghost moths
  3 spark wasps (Spider:4)
  Azrael (Spider:1)
  A minotaur (Gauntlet)
  3 dire elephants (Lair:6)
  12 hydras
  The ghost of Waut the Nimble, a journeyman TeGl of Uskayaw (D:13)
  Erolcha (D:13)
  The ghost of Lanoc the Prestidigitator, a journeyman FoAr of Gozag (D:10)
  A boulder beetle (D:11)
  An anaconda (Lair:6)
  The ghost of ma3 the Slinger, a journeyman HaHu of Okawaru (D:9)
  2 catoblepae (Lair:5)
  The ghost of sastreii the Fighter, a novice DsFi of Trog (Lair:1)
  4 centaur warriors
  4 two-headed ogres
  5 death yaks (Lair:6)
  A tengu warrior (D:15)
  A deep elf knight (D:14)
  A glowing orange brain (D:15)
  A death drake (shapeshifter) (D:15)
  A wizard (D:15)
  2 orc knights
  14 orb spiders
  4 deep elf pyromancers
  An oklob plant (Lair:1)
  26 wolf spiders
  6 cyclopes
  A manticore (D:12)
  3 moths of wrath
  22 ugly things
  6 black mambas
  An ice statue (IceCv)
  A guardian serpent (D:15)
  21 elephants
  3 torpor snails
  The ghost of casual the Chopper, a novice DsDe (D:4)
  10 cane toads
  2 rime drakes
  2 kobold demonologists (D:9)
  2 efreet
  3 ice devils (D:13)
  17 komodo dragons
  7 demonic crawlers
  An ancient zyme (D:4)
  4 trolls
  25 jumping spiders
  2 tyrant leeches (Lair:2)
  18 polar bears
  5 hornets
  Prince Ribbit (D:6)
  10 slime creatures
  6 dream sheep (Lair:5)
  14 blink frogs
  6 centaur simulacra (D:13)
  Sigmund (D:4)
  53 redbacks
  A tarantella (shapeshifter) (D:13)
  58 yaks
  3 wraiths
  21 tarantellas
  4 wyverns
  2 shadows
  An air elemental (D:12)
  2 water elementals
  3 basilisks
  16 humans (D:14)
  3 fire elementals
  A basilisk (shapeshifter) (D:14)
  2 steam dragons
  7 vampire mosquitoes
  A neqoxec (D:10)
  2 swamp worms (Lair:2)
  2 acid dragons
  3 hell hounds (Spider:1)
  21 water moccasins
  2 meliai simulacra (D:13)
  A sky beast (D:7)
  An ice beast (D:8)
  A black bear (D:6)
  2 ogres
  6 orc warriors
  A hornet zombie (D:8)
  2 necrophages
  35 wolves
  13 centaurs
  An elf zombie (Ossuary)
  11 kobold brigands
  10 bullfrogs
  3 scorpions
  2 wyvern zombies (D:7)
  An earth elemental (D:12)
  5 small abominations
  11 killer bees
  5 howler monkeys
  5 wights (D:8)
  4 electric eels
  3 centaur zombies
  2 quasits (D:10)
  7 orc priests
  2 hounds
  A centaur skeleton (D:7)
  2 iron imps (D:4)
  Jessica (D:3)
  An iguana (D:7)
  9 orc wizards
  2 hound zombies (Ossuary)
  A hound skeleton (D:4)
  5 mummies
  A howler monkey zombie (D:7)
  5 gnolls
  9 adders
  A shadow imp (D:6)
  2 white imps (D:6)
  2 adder zombies (Ossuary)
  2 worms (D:3)
  2 dart slugs
  33 orcs
  13 ball pythons
  8 endoplasms
  3 giant cockroaches
  5 goblins
  2 hobgoblins (D:1)
  6 jackals
  6 quokkas
  2 bats (D:2)
  4 frilled lizards
  2 gnoll zombies (Ossuary)
  4 hobgoblin zombies
  A jackal zombie (Ossuary)
  15 kobolds
  2 kobold zombies
  2 orc zombies
  2 rats (D:1)
  A butterfly (Lair:3)
803 creatures vanquished.

Vanquished Creatures (collateral kills)
  A hornet (Spider:1)
  2 slime creatures (D:15)
  3 yaks
  An acid dragon (D:4)
7 creatures vanquished.

Vanquished Creatures (others)
  4 tarantellas (Spider:1)
  20 fungi
  35 plants
59 creatures vanquished.

Grand Total: 869 creatures vanquished

Notes
Turn   | Place    | Note
-------+----------+-------------------------------------------
     0 | D:1      | Alarkh the Demonspawn Monk began the quest for the Orb.
     0 | D:1      | Reached XP level 1. HP: 18/18 MP: 1/1
   251 | D:1      | Reached skill level 3 in Unarmed Combat
   306 | D:1      | Gained mutation: You regenerate a little health from kills.
                  | [demonic ancestry]
   306 | D:1      | Reached XP level 2. HP: 4/24 MP: 2/2
  1127 | D:1      | Gained mutation: You regenerate health from kills. [demonic
                  | ancestry]
  1127 | D:1      | Reached XP level 3. HP: 17/29 MP: 3/3
  1317 | D:2      | Noticed a necrophage
  1484 | D:2      | Found Oqucuff's General Store.
  1646 | D:2      | Reached skill level 4 in Unarmed Combat
  1658 | D:2      | Gained mutation: You are partially covered in large bone
                  | plates. (SH +4) [demonic ancestry]
  1658 | D:2      | Reached XP level 4. HP: 31/37 MP: 4/4
  1749 | D:2      | Found a bloodstained altar of Trog.
  2357 | D:2      | Found a faded altar of an unknown god.
  2673 | D:3      | Noticed Jessica
  2699 | D:3      | Found a blossoming altar of Fedhas.
  2907 | D:3      | Killed Jessica
  2912 | D:3      | Reached XP level 5. HP: 42/42 MP: 5/5
  3420 | D:3      | Reached skill level 5 in Unarmed Combat
  3492 | D:4      | Noticed Sigmund
  3585 | D:4      | Killed Sigmund
  3586 | D:4      | Gained mutation: You are mostly covered in large bone
                  | plates. (SH +6) [demonic ancestry]
  3586 | D:4      | Reached XP level 6. HP: 20/50 MP: 6/6
  3839 | D:4      | Noticed an acid dragon
  4024 | D:2      | Reached skill level 5 in Fighting
  4024 | D:2      | Reached skill level 6 in Unarmed Combat
  4151 | D:3      | Gained mutation: You have sharp fingernails. [demonic
                  | ancestry]
  4151 | D:3      | Reached XP level 7. HP: 9/51 MP: 7/7
  4452 | D:4      | Found a transporter.
  4453 | D:4      | Found a transporter.
  4456 | D:4      | Noticed an ancient zyme
  4459 | D:4      | Noticed casual's ghost (novice DsDe)
  5032 | D:4      | Found a one-way gate to the infinite horrors of the Abyss.
  5154 | D:4      | Identified the Grimoire of the Invisible Youths
  5161 | D:4      | Learned a level 3 spell: Conjure Flame
  5212 | D:4      | Found a staircase to the Ecumenical Temple.
  5227 | D:4      | Reached skill level 7 in Unarmed Combat
  5256 | Temple   | Entered the Ecumenical Temple
  5427 | Temple   | Became a worshipper of Uskayaw the Reveller
  5427 | Temple   | Reached * piety under Uskayaw
  5566 | D:5      | Entered Level 5 of the Dungeon
  5659 | D:5      | Reached ** piety under Uskayaw
  5834 | D:5      | Reached skill level 1 in Conjurations
  5921 | D:5      | Reached skill level 1 in Spellcasting
  5921 | D:5      | Reached XP level 8. HP: 64/64 MP: 9/9
  6143 | D:6      | Reached skill level 1 in Fire Magic
  6225 | D:6      | Noticed Prince Ribbit
  6255 | D:6      | Killed Prince Ribbit
  6555 | D:6      | Identified a scroll of acquirement
  6555 | D:6      | Acquired 1260 gold pieces
  6556 | D:6      | Found a sand-covered staircase.
  6571 | Ossuary  | Entered an ossuary
  6599 | Ossuary  | Reached *** piety under Uskayaw
  6607 | Ossuary  | Reached **** piety under Uskayaw
  6979 | D:6      | Noticed a deep elf pyromancer
  6993 | D:6      | Killed a deep elf pyromancer
  6994 | D:6      | Reached skill level 1 in Shields
  6994 | D:6      | Reached skill level 8 in Unarmed Combat
  6994 | D:6      | Gained mutation: You are completely covered in large bone
                  | plates. (SH +8) [demonic ancestry]
  6994 | D:6      | Reached XP level 9. HP: 62/71 MP: 11/13
  8422 | D:8      | Found a staircase to the Lair.
  8554 | D:8      | Reached ***** piety under Uskayaw
  8706 | D:8      | Reached skill level 9 in Unarmed Combat
  9530 | D:9      | Gained mutation: A weak demonic guardian rushes to your
                  | aid. [demonic ancestry]
  9530 | D:9      | Reached XP level 10. HP: 51/79 MP: 14/16
 10228 | D:9      | Found a runed translucent gate.
 10230 | D:9      | Found a runed translucent gate.
 10230 | D:9      | Noticed ma3's ghost (journeyman HaHu)
 10232 | D:9      | Found a runed translucent gate.
 10243 | D:9      | Gained mutation: You are resistant to electric shocks.
                  | (rElec) [potion of mutation]
 10243 | D:9      | Gained mutation: You are agile. (Dex +2) [potion of
                  | mutation]
 10243 | D:9      | Gained mutation: You tend to lose your temper in combat.
                  | [potion of mutation]
 10243 | D:9      | Gained mutation: Your spells are a little harder to cast,
                  | but a little more powerful. [potion of mutation]
 10247 | D:9      | Noticed a sixfirhy
 10248 | D:9      | Reached skill level 1 in Armour
 10257 | D:9      | Noticed a sun demon
 10258 | D:9      | Killed ma3's ghost
 10265 | D:9      | Reached ****** piety under Uskayaw
 10270 | D:9      | Reached skill level 10 in Unarmed Combat
 10693 | D:10     | Entered Level 10 of the Dungeon
 10735 | D:10     | Found a shadowy altar of Dithmenos.
 10735 | D:10     | Found a bloodstained altar of Trog.
 10787 | D:10     | Found a snail-covered altar of Cheibriados.
 10812 | D:10     | Found a staircase to the Orcish Mines.
 10813 | D:10     | Found Howiryko's Weapon Emporium.
 10813 | D:10     | Noticed an orc knight
 11074 | D:10     | Killed an orc knight
 11361 | D:10     | Reached XP level 11. HP: 41/86 MP: 17/17
 11479 | D:10     | Noticed Lanoc's ghost (journeyman FoAr)
 11747 | D:10     | Found a transporter.
 11876 | D:11     | Reached skill level 1 in Invocations
 12024 | D:11     | Reached skill level 5 in Shields
 12069 | D:11     | Found a gate leading to a gauntlet.
 12079 | Gauntlet | Entered a Gauntlet
 12079 | Gauntlet | Found a transporter.
 12079 | Gauntlet | Found a transporter.
 12082 | Gauntlet | Found a transporter.
 12084 | Gauntlet | Found a transporter.
 12086 | Gauntlet | Found a transporter.
 12103 | Gauntlet | Found a transporter.
 12166 | Gauntlet | Found a transporter.
 12166 | Gauntlet | Noticed a cacodemon
 12169 | Gauntlet | Found a transporter.
 12169 | Gauntlet | Found a transporter.
 12170 | Gauntlet | Noticed a great orb of eyes
 12194 | Gauntlet | Found a transporter.
 12195 | Gauntlet | Noticed a green ugly thing
 12198 | Gauntlet | Noticed a brown ugly thing
 12206 | Gauntlet | Found a transporter.
 12211 | Gauntlet | Noticed a sun demon
 12213 | Gauntlet | Noticed a quicksilver ooze
 12216 | Gauntlet | Found a transporter.
 12233 | Gauntlet | Found a transporter.
 12254 | Gauntlet | Found a transporter.
 12314 | Gauntlet | Reached skill level 5 in Dodging
 12329 | Gauntlet | Identified the +2 helmet "Temonila" {Int+3}
 12376 | Gauntlet | Gained mutation: Armour fits poorly on your strangely
                  | shaped body. [a cacodemon]
 12378 | Gauntlet | Gained mutation: You sometimes lose the ability to read
                  | scrolls when taking damage. [a cacodemon]
 12379 | Gauntlet | Killed a cacodemon
 12380 | Gauntlet | Reached skill level 11 in Unarmed Combat
 12656 | Gauntlet | Identified the +0 pair of boots of Freedom {rPois Slay+3}
 12939 | Gauntlet | Identified the +3 ring mail of Ashenzari's Respect {-Tele
                  | rElec rCorr Int+4}
 12939 | Gauntlet | Noticed a minotaur
 12953 | Gauntlet | Killed a minotaur
 13237 | D:11     | Noticed a six-headed hydra
 13254 | D:11     | Killed a six-headed hydra
 13380 | D:11     | Noticed a boulder beetle
 13392 | D:11     | Killed a boulder beetle
 13659 | D:11     | Gained mutation: You regenerate a lot of health from kills.
                  | [demonic ancestry]
 13659 | D:11     | Reached XP level 12. HP: 79/95 MP: 18/18
 13888 | D:12     | Found a frozen archway.
 13904 | IceCv    | Entered an ice cave
 13955 | IceCv    | Reached skill level 5 in Invocations
 14037 | IceCv    | Reached skill level 5 in Armour
 14361 | IceCv    | Noticed a frost giant
 14379 | IceCv    | Killed a frost giant
 14787 | IceCv    | Reached skill level 12 in Unarmed Combat
 15137 | D:12     | Noticed a seven-headed hydra
 15160 | D:12     | Killed a seven-headed hydra
 15304 | D:12     | Noticed a two-headed ogre
 15312 | D:12     | Killed a two-headed ogre
 15326 | D:12     | Found a large runed translucent door.
 15326 | D:12     | Found a large runed translucent door.
 15354 | D:12     | Noticed a two-headed ogre
 15354 | D:12     | Noticed a two-headed ogre
 15360 | D:12     | Killed a two-headed ogre
 15377 | D:12     | Killed a two-headed ogre
 15464 | D:12     | Reached XP level 13. HP: 77/103 MP: 19/19
 15571 | D:12     | Reached skill level 10 in Fighting
 15834 | D:13     | Found Aduetum's Armour Shoppe.
 16171 | D:13     | Noticed Erolcha
 16192 | D:13     | Killed Erolcha
 16237 | D:13     | Found a runed translucent gate.
 16311 | D:13     | Noticed Waut's ghost (journeyman TeGl)
 16340 | D:13     | Found a runed translucent gate.
 16340 | D:13     | Found a runed translucent gate.
 16779 | Lair:1   | Entered Level 1 of the Lair of Beasts
 16779 | Lair:1   | Found a runed translucent door.
 17137 | Lair:1   | Found an ancient bone altar of Kikubaaqudgha.
 17258 | Lair:1   | Noticed sastreii's ghost (novice DsFi)
 17549 | Lair:2   | Lost mutation: You are agile. (Dex +2) [potion of mutation]
 17549 | Lair:2   | Lost mutation: Your spells are a little harder to cast, but
                  | a little more powerful. [potion of mutation]
 17549 | Lair:2   | Gained mutation: Your spells are a little harder to cast,
                  | but a little more powerful. [potion of mutation]
 17549 | Lair:2   | Gained mutation: You are dopey. (Int -2) [potion of
                  | mutation]
 17549 | Lair:2   | Gained mutation: You are agile. (Dex +2) [potion of
                  | mutation]
 17550 | Lair:2   | Lost mutation: You are dopey. (Int -2) [potion of mutation]
 17550 | Lair:2   | Lost mutation: You sometimes lose the ability to read
                  | scrolls when taking damage. [potion of mutation]
 17550 | Lair:2   | Lost mutation: You are agile. (Dex +2) [potion of mutation]
 17550 | Lair:2   | Gained mutation: You have a pair of small horns on your
                  | head. [potion of mutation]
 17550 | Lair:2   | Gained mutation: You are somewhat resistant to further
                  | mutation. [potion of mutation]
 17551 | Lair:2   | Lost mutation: You are resistant to electric shocks.
                  | (rElec) [potion of mutation]
 17551 | Lair:2   | Lost mutation: Armour fits poorly on your strangely shaped
                  | body. [potion of mutation]
 17551 | Lair:2   | Lost mutation: You tend to lose your temper in combat.
                  | [potion of mutation]
 17551 | Lair:2   | Lost mutation: Your spells are a little harder to cast, but
                  | a little more powerful. [potion of mutation]
 17551 | Lair:2   | Gained mutation: You are somewhat resistant to both further
                  | mutation and mutation removal. [potion of mutation]
 17731 | Lair:2   | Found a hole to the Spider Nest.
 18009 | Lair:2   | Found a staircase to the Swamp.
 18409 | Lair:3   | Reached skill level 13 in Unarmed Combat
 18970 | Lair:3   | Reached XP level 14. HP: 111/111 MP: 20/20
 20684 | Lair:5   | You fall into a shaft and drop 1 floor!
 20684 | Lair:6   | Entered Level 6 of the Lair of Beasts
 20846 | Lair:6   | Reached skill level 14 in Unarmed Combat
 20963 | Lair:6   | Reached skill level 10 in Invocations
 21163 | Lair:6   | Found a staircase to the Slime Pits.
 21163 | Lair:6   | Found a viscous altar of Jiyva.
 21797 | Lair:6   | Reached XP level 15. HP: 41/119 MP: 22/22
 21863 | Lair:6   | Identified the Handbook of Transformation
 21939 | Lair:6   | Identified the Compendium of Supportive Transmigration
 22615 | D:13     | Killed Waut's ghost
 22891 | D:4      | Killed casual's ghost
 23078 | D:10     | Killed Lanoc's ghost
 23084 | D:10     | Found a transporter.
 23228 | Lair:1   | Killed sastreii's ghost
 23393 | D:14     | Found a gate to the Vaults.
 24455 | D:15     | Entered Level 15 of the Dungeon
 25126 | D:15     | Found a staircase to the Depths.
 25397 | Spider:1 | Entered Level 1 of the Spider Nest
 25504 | Spider:1 | Noticed Azrael
 25523 | Spider:1 | Gained mutation: You have very sharp fingernails. [demonic
                  | ancestry]
 25523 | Spider:1 | Reached XP level 16. HP: 127/127 MP: 22/24
 25524 | Spider:1 | Reached skill level 15 in Unarmed Combat
 25527 | Spider:1 | Killed Azrael
 25862 | Spider:1 | Paralysed by a hornet for 3 turns
 26092 | Spider:2 | Reached skill level 5 in Stealth
 26252 | Spider:2 | You fall into a shaft and drop 1 floor!
 26261 | Spider:3 | Reached skill level 10 in Shields
 26268 | Spider:3 | Reached skill level 10 in Dodging
 26298 | Spider:3 | Noticed Agnes
 26314 | Spider:3 | Killed Agnes
 26541 | Spider:3 | Identified the +1 leather armour "Gosawag" {-Cast Rampage
                  | Dex+2 Slay+3}
 27017 | Spider:2 | Learned a level 2 spell: Sublimation of Blood
 27425 | Spider:4 | Entered Level 4 of the Spider Nest
 27853 | Spider:4 | Noticed Arachne
 27884 | Spider:4 | Killed Arachne
 28152 | Spider:4 | Gained mutation: Your flesh is heat resistant. (rF+)
                  | [demonic ancestry]
 28152 | Spider:4 | Reached XP level 17. HP: 135/135 MP: 26/26
 28253 | Spider:4 | HP: 6/202 [emperor scorpion (8)]
 28254 | Spider:4 | Slain by an emperor scorpion

Illustrated notes

Levels and vault maps discovered:
D:1:      dpeg_arrival_houses_and_road, layout_basic, serial_forest,
          infiniplex_forest_corner_2, infiniplex_forest_clump_small,
          infiniplex_forest_clump_cross, infiniplex_forest_clump_small,
          infiniplex_forest_zigzag_2, infiniplex_forest_fountain,
          infiniplex_forest_split, infiniplex_forest_lined_room_2
D:2:      layout_basic, serial_shops, nicolae_shop_stone,
          ebering_ecumenical_altar_sacrificial, basic_altar
D:3:      layout_basic, pf_just_have_faith, small_statue_intersection,
          wad_orctagon, uniq_jessica
D:4:      layout_rooms, minmay_temple_entry_sparse_star,
          gammafunk_ghost_abyssal_escape, uniq_sigmund
D:5:      layout_cave_pools, serial_rivers, chequers_serial_rivers_micro_c,
          chequers_serial_rivers_micro_b, chequers_serial_rivers_micro_a,
          chequers_serial_rivers_large_a, minmay_mini_ossuary
D:6:      layout_gridville, nicolae_ossuary_entry_ruins,
          chequers_serial_rivers_room_b, guppyfry_early_elven_hall,
          uniq_prince_ribbit1
D:7:      layout_basic
D:8:      layout_basic, dpeg_oklobed_lair, lemuel_another_geyser
D:9:      layout_basic, gammafunk_ghost_nasty_kobolds
D:10:     layout_loops_ring, gammafunk_temple_overflow_pools,
          cheibriados_altar_1, orc_david_3, gammafunk_ghost_stat_death
D:11:     layout_roguey, gauntlet_entry_generic, serial_bayou_lagoon_b
D:12:     layout_roguey, portal_ice_cave_entry_pillars_1,
          lightli_elemental_guards
D:13:     layout_irregular_city, serial_shops, nicolae_shop_window_shopping,
          gammafunk_ghost_icy, uniq_erolcha
D:14:     layout_stronghold, david_vaults_3, serial_bayou_shore_a
D:15:     gammafunk_enter_depths_forms, layout_small_grid,
          chequers_serial_rivers_micro_c, nrook_guardian_serpent_double
Temple:   regret_index_temple_mists
Lair:1:   layout_long_grid, hellmonk_ghost_happy_afterlife, serial_bayou_pond_a,
          lemuel_oklob_altar, infiniplex_staircase_pool
Lair:2:   layout_regular_city, minmay_swamp_entry_worms,
          spider_nest_entry_web_field
Lair:3:   layout_chaotic_city, small_statue_intersection, grunt_megastairs_3,
          lemuel_fruit_fields
Lair:4:   layout_regular_city
Lair:5:   layout_concentric_octagons
Lair:6:   due_jungle_book, layout_regular_city, slime_altar_1
Spider:1: layout_spider_delve, guppyfry_hornet_nest, uniq_azrael
Spider:2: layout_spider_delve, nicolae_spider_cling_ruins
Spider:3: layout_spider_delve, uniq_agnes
Spider:4: spider_rune_water, uniq_arachne

Skill      XL: |  1  2  3  4  5  6  7  8  9 10 11 12 13 14 15 16 |
---------------+-------------------------------------------------+-----
Unarmed Combat | 3 4 5 6 7 8 9 10 11 12 13 14 15 | 15.8
Fighting       | 4 5 6 7 8 9 10 11 12 | 12.6
Conjurations   | 1 3 4 |  4.0
Spellcasting   | 1 2 4 |  4.0
Fire Magic     | 2 4 |  4.0
Shields        | 1 2 4 5 6 7 8 9 10 | 10.3
Dodging        | 4 5 6 7 8 9 10 | 10.4
Armour         | 3 4 5 7 8 9 |  9.9
Invocations    | 4 6 8 10 11 12 | 12.7
Stealth        | 2 4 6 |  6.4

Action                   |  1- 3 |  4- 6 |  7- 9 | 10-12 | 13-15 | 16-18 || total
-------------------------+-------+-------+-------+-------+-------+-------++-------
Melee: Unarmed           |   152 |   204 |   509 |   510 |  1185 |   438 ||  2998
       Punch             |     1 |     1 |     8 |       |       |       ||    10
       Headbutt          |       |       |       |       |   253 |    87 ||   340
Throw: Dart              |       |       |       |     1 |     1 |       ||     2
 Cast: Conjure Flame     |       |       |       |    12 |     4 |     2 ||    18
Invok: Stomp             |       |       |       |     1 |       |     5 ||     6
       Grand Finale      |       |       |       |       |     1 |     3 ||     4
Evoke: Wand              |       |       |       |     9 |     1 |       ||    10
  Use: Potion            |     1 |     9 |     2 |     7 |     7 |     5 ||    31
       Scroll            |       |       |    11 |     4 |     5 |     1 ||    21
 Stab: Sleeping          |     7 |     6 |       |     2 |     7 |       ||    22
       Invisible         |     1 |     5 |       |       |       |       ||     6
       Paralysed         |       |       |    10 |    39 |   103 |    33 ||   185
       Distracted        |       |       |     1 |       |     1 |     2 ||     4
Armor: Robe              |    19 |    15 |       |       |       |       ||    34
       Skin              |       |     4 |     2 |       |       |     5 ||    11
       Leather armour    |       |     6 |    72 |    58 |       |       ||   136
       Chain mail        |       |       |     1 |    54 |       |       ||    55
       Acid dragon scale |       |       |       |    21 |   202 |       ||   223
       Steam dragon scal |       |       |       |       |     2 |       ||     2
       Ring mail         |       |       |       |       |    15 |   176 ||   191
Dodge: Dodged            |    86 |    98 |   149 |   206 |   463 |   315 ||  1317
       Repelled          |       |       |     1 |       |       |       ||     1
Block: Other             |       |    30 |    52 |       |       |       ||    82
       Kite shield       |       |       |   140 |       |       |       ||   140
       Buckler           |       |       |    48 |   384 |   824 |   449 ||  1705

Table legend: (Time is in decaauts)
 A = Elapsed time spent in this place.
 B = Non-inter-level travel time spent in this place.
 C = Inter-level travel time spent in this place.
 D = Time resting spent in this place.
 E = Time spent auto-exploring this place.
 F = Levels seen in this place.
 G = Mean time per level.
                   A        B        C        D        E       F      G
               +--------+--------+--------+--------+--------+-----+--------+
         Total |  27876 |  25244 |   2632 |   3198 |  16559 |  29 |  961.2 |
       Dungeon |  16868 |  14894 |   1974 |   2243 |   9674 |  15 | 1124.5 |
        Temple |    254 |    179 |     75 |      0 |    177 |   1 |  254.0 |
          Lair |   5630 |   5164 |    466 |     56 |   3967 |   6 |  938.3 |
   Spider Nest |   2717 |   2602 |    115 |    117 |   1826 |   4 |  679.2 |
       Ossuary |    267 |    267 |      0 |     78 |     82 |   1 |  267.0 |
      Ice Cave |   1065 |   1065 |      0 |    245 |    511 |   1 | 1065.0 |
      Gauntlet |   1072 |   1072 |      0 |    458 |    321 |   1 | 1072.0 |
               +--------+--------+--------+--------+--------+-----+--------+

Top non-repeatable levels by time:
     D:4: 1545 daAuts
     D:6: 1388 daAuts
     D:2: 1385 daAuts
     D:3: 1327 daAuts
     D:1: 1283 daAuts
     D:8: 1277 daAuts
     D:9: 1273 daAuts
  Lair:6: 1254 daAuts
    D:10: 1229 daAuts
    D:11: 1097 daAuts
Gauntlet: 1072 daAuts
   IceCv: 1065 daAuts
  Lair:2: 1032 daAuts
    D:14: 1029 daAuts
  Lair:5: 1015 daAuts
